 Dungeon Crawl Stone Soup version 0.28.0-53-g5a82cb258f (webtiles) character file.

Game seed: 5900566841141911420

12 jiml777 the Gusty (level 2, 15/15 HPs)
             Began as a Deep Elf Air Elementalist on June 15, 2022.
             Was a Follower of Uskayaw.
             Quit the game on level 1 of the Dungeon.
             The game lasted 00:03:11 (788 turns).

jiml777 the Gusty (Deep Elf Air Elementalist)        Turns: 788, Time: 00:03:11

Health: 15/15      AC:  3    Str:  5    XL:     2   Next: 20%
Magic:  7/8        EV: 12    Int: 19    God:    Uskayaw [*.....]
Gold:   19         SH:  0    Dex: 15    Spells: 6/7 levels left

rFire   . . .      SeeInvis .   d - +0 short sword
rCold   . . .      Faith    .   (no shield)
rNeg    . . .      Spirit   .   a - +0 robe
rPois   .          Reflect  .   (no helmet)
rElec   .          Harm     .   (no cloak)
rCorr   .          Rampage  .   b - +0 pair of gloves
Will    .....                   (no boots)
Stlth   ++........              (no amulet)
HPRegen 0.05/turn               (no ring)
MPRegen 0.11/turn               (no ring)

@: no status effects
A: no striking features
a: Renounce Religion, Stomp


You were on level 1 of the Dungeon.
You worshipped Uskayaw.
Uskayaw was noncommittal.
You visited 1 branch of the dungeon, and saw 1 of its levels.

You collected 19 gold pieces.

Inventory:

Hand Weapons
 d - a +0 short sword (weapon)
Armour
 a - a +0 robe (worn)
 b - a +0 pair of gloves (worn)
 g - a +0 buckler
Scrolls
 c - a scroll of identify {unknown}
 f - a scroll of teleportation {unknown}
Potions
 e - a potion of magic {unknown}


   Skills:
 + Level 2.5 Dodging
 + Level 2.4 Stealth
 * Level 0.1 Shields
 + Level 3.2 Spellcasting
 + Level 1.2 Conjurations
 + Level 3.4 Air Magic


You had 6 spell levels left.
You knew the following spells:

 Your Spells              Type           Power      Damage    Failure   Level
a - Shock                 Conj/Air       44%        1d5       6%          1

Your spell library contained the following spells:

 Spells                   Type           Power      Damage    Failure   Level
 Static Discharge         Conj/Air       11%        N/A       9%          2
 Swiftness                Air            16%        N/A       11%         3
 Airstrike                Air            8%         N/A       36%         4


Dungeon Overview and Level Annotations

Branches:
Dungeon (1/15)

Altars:
Uskayaw


Message History

Things that are here:
a +0 club; a goblin skeleton A frilled lizard comes into view.
The frilled lizard hisses angrily.
Casting: Shock (safe; 6% risk of failure)
Confirm with . or Enter, or press ? or * to list all spells.
Aiming: Shock (safe; 6% risk of failure)
Press: ? - help, Shift-Dir - straight line, f - frilled lizard
Aim: a frilled lizard (48% to hit)
The zap hits the frilled lizard.
You kill the frilled lizard!
You start resting.
Magic restored.
A giant cockroach comes into view.
Found a faded altar of an unknown god.
Casting: Shock (safe; 6% risk of failure)
Confirm with . or Enter, or press ? or * to list all spells.
Aiming: Shock (safe; 6% risk of failure)
Press: ? - help, Shift-Dir - straight line, f - giant cockroach
Aim: a giant cockroach (asleep, 100% to hit)
The zap hits the giant cockroach.
The giant cockroach is heavily wounded.
Casting: Shock (safe; 6% risk of failure)
Confirm with . or Enter, or press ? or * to list all spells.
Aiming: Shock (safe; 6% risk of failure)
Press: ? - help, Shift-Dir - straight line, f/p - giant cockroach
Aim: a giant cockroach (heavily wounded, 68% to hit)
The zap hits the giant cockroach.
You kill the giant cockroach!
You see here a frilled lizard corpse.
There is a faded altar of an unknown god here.
You cannot tell which god this altar belongs to.
Convert to them anyway?
Okay, then.
You cannot tell which god this altar belongs to.
Convert to them anyway?
Uskayaw accepts your prayer! Uskayaw welcomes you!
You can now stomp with the beat.
Unknown command.
Press < or > to pray at altars.
Are you sure you want to abandon this character and quit the game? (Confirm with "yes".)

#.##.#....
#.......†###
#..........
#........###
#...........
####.......#
#⌠.........## #.
#......†....# # #.
#..@.⌠.##.#.# #.#.
#......##.#.# #.#.
#⌠.⌠..###.#.#####...
###.#.###...........
#......########...
######.# #.## #.# #.
#.# #.## #.# #...


There were no monsters in sight!

Vanquished Creatures
  A ball python (D:1)
  A giant cockroach (D:1)
  A goblin (D:1)
  3 jackals (D:1)
  A bat (D:1)
  A frilled lizard (D:1)
  2 kobolds (D:1)
  A rat (D:1)
11 creatures vanquished.

Notes
Turn   | Place    | Note
-------+----------+-------------------------------------------
     0 | D:1      | jiml777 the Deep Elf Air Elementalist began the quest for
                  | the Orb.
     0 | D:1      | Reached XP level 1. HP: 10/10 MP: 6/6
   451 | D:1      | Reached XP level 2. HP: 15/15 MP: 6/8
   777 | D:1      | Found a faded altar of an unknown god.
   787 | D:1      | Prayed at the altar of an unknown god.
   787 | D:1      | Became a worshipper of Uskayaw the Reveller
   787 | D:1      | Reached * piety under Uskayaw
   788 | D:1      | Quit the game

Illustrated notes

Levels and vault maps discovered:
D:1:      beargit_arrival_diablo_church, layout_loops_ring,
          hellmonk_ecumenical_altar_run_dry

Action                   || total
-------------------------++-------
 Cast: Shock             ||    16
Armor: Robe              ||     1
Dodge: Dodged            ||     4
